 Dungeon Crawl Stone Soup version 0.27.0-1-g7a089689b8 (webtiles) character file.

Game seed: 17235677361781322525

17 fishnetcowboy the Skirmisher (level 2, -1/27 HPs)
             Began as a Minotaur Berserker on Aug 6, 2021.
             Was a Follower of Trog.
             Slain by a gnoll (6 damage)
             ... on level 2 of the Dungeon.
             The game lasted 00:01:46 (503 turns).

fishnetcowboy the Skirmisher (Minotaur Berserker)    Turns: 503, Time: 00:01:46

Health: -1/27      AC:  2    Str: 21    XL:     2   Next: 44%
Magic:  1/1        EV: 12    Int:  4    God:    Trog [*.....]
Gold:   19         SH:  0    Dex:  9    Spells: 1/1 levels left

rFire    . . .     SeeInvis .   a - +0 hand axe
rCold    . . .     Faith    .   (no shield)
rNeg     . . .     Spirit   .   b - +0 animal skin
rPois    .         Reflect  .   (helmet restricted)
rElec    .         Harm     .   (no cloak)
rCorr    .         Rampage  .   (no gloves)
Will     .....                  (no boots)
Stlth    +.........             (no amulet)
HPRegen  0.09/turn              (no ring)
MPRegen  0.07/turn              (no ring)

@: no status effects
A: horns 2, retaliatory headbutt
a: Renounce Religion, Berserk


You were on level 2 of the Dungeon.
You worshipped Trog.
Trog was aware of your devotion.
You visited 1 branch of the dungeon, and saw 2 of its levels.

You collected 19 gold pieces.

Inventory:

Hand Weapons
 a - a +0 hand axe (weapon)
Missiles
 c - 11 arrows
Armour
 b - a +0 animal skin (worn)


   Skills:
 + Level 4.1 Fighting
 + Level 3.9 Axes
 + Level 2.4 Armour
 + Level 2.6 Dodging


You had one spell level left.
You didn't know any spells.
Your spell library was empty.

Dungeon Overview and Level Annotations

Branches:
Dungeon (1/15)

Altars:


Innate Abilities, Weirdness & Mutations

You have a pair of horns on your head.
You reflexively headbutt those who attack you in melee.


Message History

Trog accepts your kill.
You see here a frilled lizard corpse.
You hit the endoplasm.
The endoplasm is almost dead.
You hit the rat but do no damage.
The gnoll hits you from afar with a +0 spear.
The endoplasm hits you. The rat bites you but does no damage.
You barely miss the endoplasm.
The endoplasm is almost dead.
You hit the rat.
You kill the rat!
Trog accepts your kill.
The gnoll hits you from afar with a +0 spear!
The endoplasm freezes you.
You are frozen.
Unknown command.
You are too injured to fight recklessly!
You are too injured to fight recklessly!
You hit the endoplasm.
You kill the endoplasm!
Trog accepts your kill. The gnoll barely misses you.
The gnoll hits you from afar with a +0 spear.
You see here a rat corpse.
Found a glowing dark potion.
You see here a glowing dark potion.
d - a glowing dark potion The gnoll hits you from afar with a +0 spear.
You don't know any spells.
It was a potion of curing.
You feel better.
The gnoll hits you from afar with a +0 spear.
The gnoll hits you with a +0 spear.
* * * LOW HITPOINT WARNING * * *
You hit the gnoll.
The gnoll is heavily wounded.
The gnoll misses you.
You barely miss the gnoll. Your headbutt misses the gnoll.
The gnoll is heavily wounded.
The gnoll hits you with a +0 spear.
You die...

##..............##
###................#
..................#
#................#
#................#
###................#
...................#
##.....†.......g@.#
...#......##.....##
.....†.###########
#....#######
...#.......#
.###.......#
###........#
...).......#
#.##.......#


You could see a gnoll.

Vanquished Creatures
  A gnoll (D:2)
  A dart slug (D:1)
  An endoplasm (D:2)
  A goblin (D:1)
  2 frilled lizards
  A rat (D:2)
7 creatures vanquished.

Notes
Turn   | Place    | Note
-------+----------+-------------------------------------------
     0 | D:1      | fishnetcowboy the Minotaur Berserker began the quest for
                  | the Orb.
     0 | D:1      | Reached XP level 1. HP: 19/19 MP: 0/0
   468 | D:1      | You fall into a shaft and drop 1 floor!
   476 | D:2      | Reached skill level 4 in Fighting
   476 | D:2      | Reached XP level 2. HP: 27/27 MP: 1/1
   503 | D:2      | Slain by a gnoll

Illustrated notes

Levels and vault maps discovered:
D:1:      giann_bridges, layout_loops_ring,
          hellmonk_ecumenical_altar_watching_god,
          chequers_serial_rivers_small_a, chequers_serial_rivers_marsh,
          chequers_serial_rivers_large_b
D:2:      layout_rooms

Skill      XL: |  1 |
---------------+----+-----
Fighting       | 4 |  4.1
Axes           | |  3.9
Armour         | |  2.4
Dodging        | |  2.6

Action                   || total
-------------------------++-------
Melee: Hand axe          ||    14
       Headbutt          ||     1
  Use: Potion            ||     1
Armor: Animal skin       ||     2
Dodge: Dodged            ||     8
